 Dungeon Crawl Stone Soup version 0.31-a0-1612-g4aaf141004 (webtiles) character file.

Game seed: 3905068471049132463

1616194 PlayingRandomsOnly the Slayer (level 27, 262/262 HPs)
             Began as a Naga Enchanter on Jan 7, 2024.
             Was the Champion of Ashenzari.
             Escaped with the Orb
             ... and 3 runes on Jan 9, 2024!
             The game lasted 09:03:56 (72625 turns).

PlayingRandomsOnly the Slayer (Naga Enchanter)     Turns: 72625, Time: 09:03:56

Health: 262/262    AC: 41    Str: 16    XL:     27
Magic:  47/47      EV: 18    Int: 26    God:    Ashenzari [******]
Gold:   603        SH: 22    Dex: 22    Spells: 2/58 levels left

rFire   + . .        b - +9 rapier of the Gnostic Sky {heavy, Melee, Range} (curse)
rCold   + + .        j - +5 kite shield of Ashenzari's Suspicion {Cun, Comp} (curse)
rNeg    . . .        D - +4 leather armour of the Eye in the Sky {rC+ Slay+2, Bglg, Cun} (curse)
rPois   +            k - +2 helmet "Regret of Ashenzari" {Bglg, Range} (curse)
rElec   +            y - +2 cloak of Desmomancy {Int+4, Cun, Comp} (curse)
rCorr   .            W - +0 pair of fencer's gloves {Riposte Dex+3, Sorc, Fort} (curse)
SInv    +            a - +6 lightning scales {swift, rElec, Sorc, Melee} (curse)
Will    ++++.        g - amulet of the Sublime Seer {+Inv Regen+ Dex+3, Self, Fort} (curse)
Stlth   +++          Q - ring of Supernal Understanding {rC+ AC+4 Slay+2, Melee, Fort} (curse)
HPRegen 1.43/turn    l - ring "Behold Eternity" {Wiz Will+ Int+2, Bglg, Sorc} (curse)
MPRegen 0.30/turn

%: clarity, wizardry (x1)
@: studying 2 skills, slow
A: AC +9, large, see invisible, deformed body, poison resistance, slowness 2,
spit poison 1, naga tail 2, clumsy 1, fire resistance 1, frail 1, high MP 1,
strong 1
0: Orb of Zot
}: 3/15 runes: decaying, silver, gossamer
a: Spit Poison, Renounce Religion, Evoke Invisibility, Shatter the Chains


You escaped.
You worshipped Ashenzari.
Ashenzari was exalted by your worship.
You visited 9 branches of the dungeon, and saw 47 of its levels.
You also visited: Bailey.

You collected 5951 gold pieces.
You spent 5348 gold pieces at shops.

Inventory:

Hand Weapons
 b - the cursed +9 rapier of the Gnostic Sky (weapon) {heavy, Melee, Range}
   (You found it on level 11 of the Dungeon)

   It has a curse which improves the following skills: Melee Combat: Short
   Blades, Long Blades, Axes, Maces & Flails, Polearms, Staves and Unarmed
   Combat.
   Ranged Combat: Ranged Weapons and Throwing.
 o - a +3 rapier of venom
Missiles
 e - 12 silver javelins
 E - 8 atropa-tipped darts
 F - 30 boomerangs (quivered)
 L - 9 javelins
 V - 11 curare-tipped darts
Armour
 a - the cursed +6 lightning scales (worn) {swift, rElec, Sorc, Melee}
   (You acquired it on level 5 of the Vaults)

   Swift:     It allows the wearer to cover ground more swiftly.
   rElec:     It insulates you from electricity.
   It has a curse which improves the following skills: Sorcery: Conjurations and
   Alchemy.
   Melee Combat: Short Blades, Long Blades, Axes, Maces & Flails, Polearms,
   Staves and Unarmed Combat.
 j - the cursed +5 kite shield of Ashenzari's Suspicion (worn) {Cun, Comp}
   (You took it off a vault guard on level 14 of the Dungeon)

   It has a curse which improves the following skills: Cunning: Dodging and
   Stealth.
   Companions: Summonings and Necromancy.
 k - the cursed +2 helmet "Regret of Ashenzari" (worn) {Bglg, Range}
   (You found it on level 3 of the Realm of Zot)

   It has a curse which improves the following skills: Beguiling: Hexes and
   Translocations.
   Ranged Combat: Ranged Weapons and Throwing.
 y - the cursed +2 cloak of Desmomancy (worn) {Int+4, Cun, Comp}
   (You found it on level 1 of the Spider Nest)

   Int+4:     It affects your intelligence (+4).
   It has a curse which improves the following skills: Cunning: Dodging and
   Stealth.
   Companions: Summonings and Necromancy.
 D - the cursed +4 leather armour of the Eye in the Sky (worn) {rC+ Slay+2, Bglg, Cun}
   (You found it on level 1 of the Swamp)

   Slay+2:    It affects your accuracy & damage with ranged weapons and melee
   (+2).
   rC+:       It protects you from cold.
   It has a curse which improves the following skills: Beguiling: Hexes and
   Translocations.
   Cunning:   Dodging and Stealth.
 W - the cursed +0 pair of fencer's gloves (worn) {Riposte Dex+3, Sorc, Fort}
   (You found it on level 4 of the Spider Nest)

   Riposte:   It allows the wearer to riposte with melee weapons, swiftly
   retaliating against missed or blocked melee attacks.
   Dex+3:     It affects your dexterity (+3).
   It has a curse which improves the following skills: Sorcery: Conjurations and
   Alchemy.
   Fortitude: Armour and Shields.
Jewellery
 g - the cursed amulet of the Sublime Seer (around neck) {+Inv Regen+ Dex+3, Self, Fort}
   (You took it off a deep elf sorcerer on level 3 of the Elven Halls)

   [amulet of regeneration]

   Dex+3:     It affects your dexterity (+3).
   +Inv:      It lets you turn invisible.
   Regen+:    It increases your rate of health regeneration.
   It has a curse which improves the following skills: Introspection: Fighting
   and Spellcasting.
   Fortitude: Armour and Shields.
 l - the cursed ring "Behold Eternity" (right hand) {Wiz Will+ Int+2, Bglg, Sorc}
   (You bought it in a shop on level 2 of the Orcish Mines)

   [ring of wizardry]

   Wiz:       It improves your spell success rate.
   Int+2:     It affects your intelligence (+2).
   Will+:     It increases your willpower.
   It has a curse which improves the following skills: Beguiling: Hexes and
   Translocations.
   Sorcery:   Conjurations and Alchemy.
 A - the ring of Lufiur {+Blink Fly rPois rF+ Int-2}
   (You took it off a centaur warrior on level 14 of the Dungeon)

   [ring of protection from fire]

   Int-2:     It affects your intelligence (-2).
   rF+:       It protects you from fire.
   rPois:     It protects you from poison Fly: It grants you flight.
   +Blink:    It lets you blink.
 Q - the cursed ring of Supernal Understanding (left hand) {rC+ AC+4 Slay+2, Melee, Fort}
   (You acquired it in a bailey)

   [ring of protection]

   AC+4:      It affects your AC (+4).
   Slay+2:    It affects your accuracy & damage with ranged weapons and melee
   (+2).
   rC+:       It protects you from cold.
   It has a curse which improves the following skills: Melee Combat: Short
   Blades, Long Blades, Axes, Maces & Flails, Polearms, Staves and Unarmed
   Combat.
   Fortitude: Armour and Shields.
Wands
 f - a wand of polymorph (50)
 v - a wand of iceblast (26)
 w - a wand of digging (13)
 B - a wand of paralysis (74)
 Y - a wand of quicksilver (8)
 Z - a wand of mindburst (22)
Scrolls
 c - 11 scrolls of fear
 h - 6 scrolls of vulnerability
 n - 18 scrolls of teleportation
 s - 6 scrolls of fog
 x - 11 scrolls of poison
 H - 5 scrolls of blinking
 J - 2 scrolls of silence
 M - a scroll of torment
 N - 3 scrolls of revelation
 U - a scroll of butterflies
Potions
 i - 4 potions of mutation
 m - 12 potions of curing
 p - 8 potions of might
 q - 5 potions of cancellation
 r - 5 potions of resistance
 t - 2 potions of magic
 u - 5 potions of ambrosia
 z - 11 potions of heal wounds
 C - 7 potions of haste
 I - 2 potions of attraction
 O - a potion of invisibility
 P - 7 potions of brilliance
 S - 3 potions of enlightenment
 X - 4 potions of berserk rage
Miscellaneous
 d - a lightning rod (4/4)
 G - a phial of floods
 K - a condenser vane
 R - a phantom mirror
 T - a box of beasts


   Skills:
 + Level 23.7(25.7) Fighting
 - Level 11.3(16.0) Short Blades
 - Level 14.1(17.6) Throwing
 - Level 8.1(12.8) Armour
 - Level 10.0(14.7) Dodging
 - Level 20.9(25.2) Stealth
 - Level 15.2(19.8) Shields
 - Level 14.0(16.3) Spellcasting
 - Level 8.1(12.8) Conjurations
 - Level 20.9(25.2) Hexes
 - Level 6.1(9.7) Necromancy
 - Level 2.5(6.1) Translocations
 - Level 5.0 Fire Magic
 - Level 8.0 Ice Magic
 - Level 8.0 Air Magic
 - Level 8.0 Earth Magic
 - Level 7.2(11.9) Alchemy
 - Level 10.0 Evocations


You had 2 spell levels left.
You knew the following spells:

 Your Spells              Type           Power      Damage    Failure   Level
a - Yara's Violent Unrav  Hex/Alch       43%        3d17      1%          5
b - Tukima's Dance        Hex            100%       N/A       0%          3
c - Confusing Touch       Hex            100%       N/A       0%          3
d - Enfeeble              Hex            50%        N/A       1%          7
e - Freezing Cloud        Conj/Ice/Air   31%        6-21      1%          5
f - Passwall              Erth           58%        N/A       1%          3
g - Cause Fear            Hex            50%        N/A       0%          4
h - Discord               Hex            50%        N/A       1%          8
i - Borgnjor's Vile Clut  Necr/Erth      30%        N/A       1%          5
j - Irradiate             Conj/Alch      36%        3d23      1%          5
k - Passage of Golubria   Tloc           52%        N/A       1%          4
l - Lesser Beckoning      Tloc           100%       N/A       1%          2
m - Blink                 Tloc           100%       N/A       1%          2

Your spell library contained the following spells:

 Spells                   Type           Power      Damage    Failure   Level
 Magic Dart               Conj           100%       1d8       0%          1
 Slow                     Hex            100%       N/A       0%          1
 Ensorcelled Hibernation  Hex/Ice        100%       N/A       0%          2
 Freeze                   Ice            100%       1d10      1%          1
 Kiss of Death            Conj/Necr      100%       2d13      1%          1
 Necrotise                Necr           100%       1d9       1%          1
 Sandblast                Erth           100%       2d20      1%          1
 Shock                    Conj/Air       100%       1d9       1%          1
 Summon Small Mammal      Summ           92%        N/A       1%          1
 Call Imp                 Summ           46%        N/A       1%          2
 Cigotuvi's Dreadful Rot  Necr/Alch/Air  100%       N/A       1%          2
 Momentum Strike          Conj/Tloc      100%       3d10      1%          2
 Searing Ray              Conj           100%       2d8       1%          2
 Static Discharge         Conj/Air       100%       3-8/arc   1%          2
 Dazzling Flash           Conj/Hex       100%       N/A       0%          3
 Inner Flame              Hex/Fire       79%        N/A       0%          3
 Sigil of Binding         Hex            100%       N/A       0%          3
 Frozen Ramparts          Ice            100%       1d16      1%          3
 Fugue of the Fallen      Necr           64%        N/A       1%          3
 Gell's Gravitas          Tloc           52%        N/A       1%          3
 Hailstorm                Conj/Ice       66%        3d12      1%          3
 Stone Arrow              Conj/Erth      100%       3d13      1%          3
 Swiftness                Air            58%        N/A       1%          3
 Teleport Other           Tloc           52%        N/A       1%          3
 Vampiric Draining        Necr           64%        2d10      1%          3
 Volatile Blastmotes      Fire/Tloc      100%       2d18      1%          3
 Airstrike                Air            29%        2d(5-21)  1%          4
 Anguish                  Hex/Necr       42%        N/A       1%          4
 Animate Dead             Necr           64%        N/A       1%          4
 Brom's Barrelling Bould  Conj/Erth      66%        2d8       1%          4
 Dimensional Bullseye     Hex/Tloc       40%        N/A       1%          4
 Dispel Undead            Necr           64%        3d22      1%          4
 Flame Wave               Conj/Fire      61%        2d14      1%          4
 Fulminant Prism          Conj/Alch      36%        3d18      1%          4
 Ignite Poison            Fire/Alch      60%        N/A       1%          4
 Iskenderun's Mystic Bla  Conj/Tloc      63%        2d13      1%          4
 Leda's Liquefaction      Alch/Erth      32%        N/A       1%          4
 Manifold Assault         Tloc           52%        N/A       1%          4
 Martyr's Knell           Necr/Summ      47%        N/A       1%          4
 Olgreb's Toxic Radiance  Alch           70%        N/A       1%          4
 Petrify                  Alch/Erth      64%        N/A       1%          4
 Sticky Flame             Fire/Alch      60%        2d10      1%          4
 Vhi's Electric Charge    Tloc/Air       100%       N/A       1%          4
 Alistair's Intoxication  Alch           46%        N/A       1%          5
 Arcjolt                  Conj/Air       33%        1d43      1%          5
 Curse of Agony           Necr           64%        N/A       1%          5
 Fireball                 Conj/Fire      30%        3d13      1%          5
 Iskenderun's Battlesphe  Conj           73%        2d12      1%          5
 Metabolic Englaciation   Hex/Ice        41%        N/A       1%          5
 Summon Mana Viper        Hex/Summ       73%        N/A       1%          5
 Eringya's Noxious Bog    Alch           35%        4d6       1%          6
 Animate Armour           Summ/Erth      86%        N/A       2%          4
 Summon Lightning Spire   Summ/Air       43%        N/A       2%          4
 Bombard                  Conj/Erth      33%        9d6       3%          6
 Conjure Ball Lightning   Conj/Air       33%        3x3d11    3%          6
 Call Canine Familiar     Summ           23%        N/A       4%          3
 Summon Blazeheart Golem  Fire/Summ      35%        N/A       4%          4
 Death Channel            Necr           32%        N/A       4%          6
 Sculpt Simulacrum        Ice/Alch       32%        N/A       4%          6
 Starburst                Conj/Fire      30%        6d9       6%          6
 Orb of Destruction       Conj           36%        9d11      7%          7
 Summon Forest            Summ/Tloc      19%        N/A       11%         5
 Plasma Beam              Fire/Air       26%        2x1d39    16%         6
 Dispersal                Tloc           26%        N/A       19%         6
 Ozocubu's Refrigeration  Ice            29%        4d13      43%         7
 Spellforged Servitor     Conj/Summ      27%        N/A       61%         7
 Summon Cactus Giant      Summ           11%        N/A       86%         6
 Malign Gateway           Summ/Tloc      19%        N/A       96%         7
 Maxwell's Capacitive Co  Air            29%        ∞         97%         8
 Disjunction              Tloc           26%        N/A       100%        8
 Ignition                 Fire           23%        3d8       100%        8
 Polar Vortex             Ice            29%        12d3*     100%        9


Dungeon Overview and Level Annotations

Branches:
Dungeon (15/15)            Temple (0/1) D:7            Lair (5/5) D:10
  Swamp (4/4) Lair:3       Spider (4/4) Lair:3        Slime (0/5) Lair:4
    Orc (2/2) D:11            Elf (3/3) Orc:2        Vaults (5/5) D:14
  Crypt (0/3) Vaults:2     Depths (4/4) D:15            Zot (5/5) Depths:4
 Bailey (visited)

Altars:
Ashenzari
Cheibriados
Dithmenos
Fedhas
Gozag
Kikubaaqudgha
Nemelex Xobeh
Okawaru
Qazlal
Sif Muna
Uskayaw
Xom
Yredelemnul
Zin
The Shining One
Jiyva

Shops:
D:2 :   D:15 *   Orc:1 =   Orc:2 :[!=?   Elf:1 *   Vaults:4 *:*((   Zot:2 *
Depths:1 *=   Depths:2 (

Portals:
Hell: Depths:1 Depths:2 Depths:3 Depths:4
Abyss: Depths:1 Depths:3
Pandemonium: Orc:2 Depths:2 Depths:3
Ziggurat: Depths:4
Trove: Depths:4 (give +8 demon whip)

Annotations:
D:9 and vault in the middle


Innate Abilities, Weirdness & Mutations

Your serpentine skin is tough. (AC +9)
You have supernaturally acute eyesight. (SInv)
Armour fits poorly on your strangely shaped body.
Your system is resistant to poisons. (rPois)
You cover ground very slowly.
You can spit poison.
You can use your snake-like lower body to constrict enemies.
You are clumsy. (Dex -2)
Your flesh is heat resistant. (rF+)
You are frail. (-10% HP)
You have an increased reservoir of magic. (+10% MP)
Your muscles are strong. (Str +4, Int/Dex -1)


Message History

Casting: Passwall (safe; 1% risk of failure)
Confirm with . or Enter, or press ? or * to list all spells.
Aiming: Passwall (safe; 1% risk of failure)
Press: ? - help, Dir - move target A rock wall.
This square is covered in magical glow.
You begin to meditate on the wall.
You continue meditating on the rock. x2
You finish merging with the rock.
You see here a +0 short sword.
There is a stone staircase leading up here.
You climb upwards.
There is a stone staircase leading down here.
You sense a monster nearby.
There is a stone staircase leading up here.
You climb upwards.
There is a stone staircase leading down here.
There is a stone staircase leading up here.
You climb upwards.
There is a stone staircase leading down here.
A rust devil comes into view.
You block the rust devil's attack.
You riposte.
You impale the rust devil!! Your grab misses the rust devil.
The rust devil is severely wounded.
You barely miss the rust devil. You grab the rust devil.
The rust devil is severely wounded.
You constrict the rust devil. You block the rust devil's attack.
You puncture the rust devil!
The rust devil is almost dead.
You constrict the rust devil.
You release your grip on the rust devil.
The rust devil misses you.
You riposte.
You hit the rust devil but do no damage.
You grab the rust devil.
The rust devil is almost dead.
You block the rust devil's attack.
You puncture the rust devil!
You kill the rust devil!
An orange demon comes into view.
There is a staircase leading out of the dungeon here.
You have escaped!

......#...##...P.P...#
......#...##..P#~#P..#
).....######..##~##..#
......# #..~~~~~..#
......# #..##4##..#
......# #..P#~#P..#
......# #...P.P...#
...#.## #........##
...#..### #^...@...#
.####...####........#
...........#...P.P..#
...........#..P#~#P.#
...........#..##~##.#
......#.####..~~~~~.#
....#....###..##~##.#
..........##..P#~#P.#
....#..........P.P..#


You could see an orange demon.

Vanquished Creatures
  Frederick (Depths:3)
  6 dread liches (Zot:5)
  2 orbs of fire (Zot:5)
  3 ancient liches
  A juggernaut (Depths:2)
  Mara (Swamp:3)
  Parghit (Zot:3)
  7 Killer Klowns
  The ghost of Wiewnimod the Metallomancer, a veteran GrEE of Ashenzari (Depths:1)
  Boris (Elf:3)
  the Lernaean hydra (Swamp:4)
  2 curse toes
  2 caustic shrikes (Depths:3)
  Nikola (Vaults:1)
  6 golden dragons
  Norris (Depths:1)
  Arachne (Spider:2)
  6 electric golems
  A Brimstone Fiend (Zot:3)
  A Tzitzimitl (D:10)
  13 tentacled monstrosities
  Jorgrun (Spider:1)
  4 quicksilver dragons
  2 deep elf blademasters
  Asterion (Depths:1)
  21 Orb Guardians
  3 liches
  4 titans
  A walking divine tome (Depths:3)
  2 sphinxes (Depths:3)
  3 deep elf master archers (Elf:3)
  Agnes (Spider:3)
  Frances (Spider:2)
  13 death cobs
  11 storm dragons
  The ghost of Tinttamiau the Thaumaturge, an adept OnAE of Hepliaklqana (Spider:1)
  Kirke (Spider:1)
  A tengu reaver (Vaults:5)
  Aizul (Swamp:1)
  7 shadow dragons
  The ghost of Pimul the Severer, an adept GrBe of Trog (Swamp:2)
  A protean progenitor (Zot:1)
  4 draconian monks
  2 fenstrider witches
  6 fire giants
  8 emperor scorpions
  2 draconian shifters
  6 vault wardens
  2 draconian knights
  3 iron dragons (Vaults:5)
  7 frost giants
  A draconian scorcher (Zot:1)
  A balrug (Depths:2)
  8 ghost moths
  6 deep elf sorcerers (Elf:3)
  3 deep elf elementalists (Elf:3)
  17 stone giants
  4 draconian annihilators (Zot:1)
  2 orc warlords
  14 ironbound preservers
  9 very ugly things
  A demonspawn corrupter (Depths:1)
  2 draconian stormcallers
  A broodmother (Spider:4)
  3 formless jellyfish
  A spriggan defender (Depths:3)
  5 vampire knights
  2 war gargoyles
  5 deep elf demonologists
  9 green draconians
  2 ironbound thunderhulks
  9 deep elf death magi
  8 black draconians
  4 dire elephants
  2 lorocyprocas
  5 bunyips
  8 spark wasps
  2 yellow draconians (Zot:2)
  8 purple draconians
  3 white draconians
  7 deep elf annihilators
  2 eleionomae
  5 red draconians
  14 ettins
  2 crystal guardians
  A green death (Depths:2)
  4 deep elf high priests
  10 yaktaur captains
  4 fire dragons
  The ghost of megamayne420 the Severer, a journeyman HOMo of the Shining One (D:9)
  10 great orbs of eyes
  A rakshasa (Depths:1)
  26 hydras
  5 ice dragons
  2 demonspawn (Orc:2)
  2 ogre magi
  4 entropy weavers
  3 ghost crabs
  14 vault guards
  5 catoblepae
  2 peacekeepers
  2 jorogumos
  6 alligators
  9 ironbound frosthearts
  A death knight (Vaults:2)
  Erica (Lair:1)
  4 deep troll shamans
  5 tengu warriors
  A two-headed ogre (shapeshifter) (Depths:3)
  A radroach (Spider:1)
  16 centaur warriors
  A shock serpent (Zot:4)
  5 death yaks (Lair:5)
  4 orc high priests (Orc:2)
  3 boulder beetles
  7 two-headed ogres
  A hell hog (Depths:1)
  6 demonic crawlers
  8 deep troll earth magi
  4 spriggan berserkers
  16 deep elf knights
  2 soul eaters
  2 skysharks
  A shadow wraith (Vaults:5)
  The ghost of TheSeeker391 the Cleaver, a novice HOFi of Okawaru (D:5)
  A salamander mystic (Depths:4)
  8 sun demons
  2 sixfirhies
  11 skeletal warriors
  4 iron trolls
  3 spriggan druids
  2 pharaoh ants
  3 sea snakes (Zot:1)
  A shining eye (shapeshifter) (Vaults:5)
  48 deep trolls
  5 goliath frogs
  3 glowing orange brains
  10 deep elf archers
  A flayed ghost (Depths:2)
  7 arcanists
  A sun moth (Spider:3)
  11 swamp dragons
  2 sea snakes (shapeshifter)
  17 bog bodies
  10 steelbarb worms
  9 phantasmal warriors
  A swamp dragon (shapeshifter) (Vaults:5)
  8 lindwurms
  30 deep elf zephyrmancers
  3 necromancers
  A steelbarb worm (shapeshifter) (Vaults:4)
  5 harpies (Vaults:3)
  5 orb spiders
  11 orc knights
  27 ugly things
  4 lightning spires (Zot:4)
  9 ironbound convokers
  6 will-o-the-wisps
  2 shining eyes (Depths:1)
  14 cyclopes
  4 salamanders
  6 orc sorcerers (Orc:2)
  Maurice (D:7)
  25 deep elf pyromancers
  24 wolf spiders
  6 manticores
  A cyclops (shapeshifter) (D:14)
  19 moths of wrath
  9 elephants (Lair:5)
  2 black mambas
  A meliai (D:14)
  A rust devil (D:1)
  A meliai (shapeshifter) (D:14)
  13 vault sentinels
  A gargoyle (D:14)
  An eye of devastation (Depths:1)
  16 cane toads
  A cane toad (shapeshifter) (D:14)
  3 smoke demons
  2 torpor snails
  A kobold demonologist (D:11)
  Maggie (Lair:2)
  A storm dragon simulacrum (Vaults:5)
  A hellion (D:11)
  3 komodo dragons
  10 yaktaurs
  3 rime drakes
  2 unseen horrors
  6 tengu conjurers
  An efreet (D:14)
  5 freezing wraiths
  An ice devil (D:5)
  A polar bear (shapeshifter) (D:14)
  11 trolls
  2 bloated husks
  10 tyrant leeches
  2 polar bears
  6 blink frogs
  A tengu simulacrum (Vaults:5)
  8 hornets
  Grinder (D:4)
  A glass eye (Depths:1)
  A tarantella (shapeshifter) (Vaults:5)
  7 dream sheep (Lair:5)
  26 tarantellas
  22 jumping spiders
  13 spriggans
  A centaur simulacrum (D:14)
  A vampire (D:10)
  2 air elementals (Elf:3)
  48 slime creatures
  11 water elementals
  3 fire elementals
  3 wraiths
  5 wyverns
  4 basilisks
  15 culicivoras
  A fire bat (Depths:1)
  3 shadows
  A human (Spider:1)
  50 yaks
  67 redbacks
  2 steam dragons
  8 vampire mosquitoes
  Menkaure (D:5)
  Edmund (D:5)
  A redback simulacrum (D:14)
  39 dancing weapons
  An acid dragon (D:9)
  13 swamp worms
  A chaos spawn (Orc:2)
  16 water moccasins
  5 swamp drakes
  44 orc warriors
  A sky beast (D:6)
  A black bear (shapeshifter) (D:15)
  2 ice beasts
  6 laughing skulls
  A black bear (D:10)
  10 wolves
  A boggart (Vaults:3)
  9 ogres
  7 centaurs
  A phantom (D:7)
  A human skeleton (Vaults:5)
  4 kobold brigands (D:9)
  A brain worm (shapeshifter) (Elf:3)
  11 bullfrogs
  A gnoll sergeant (D:11)
  2 scorpions (D:6)
  An earth elemental (Elf:3)
  6 wights
  7 killer bees
  A ballistomycete (D:5)
  2 howler monkeys (D:9)
  5 electric eels
  2 bombardier beetles
  2 bullfrog zombies
  A centaur zombie (D:5)
  2 jellies
  5 hounds
  27 orc priests
  A sleepcap (D:4)
  Jessica (D:2)
  Ijyb (D:3)
  5 iguanas
  18 orc wizards
  A boggart simulacrum (D:14)
  A howler monkey skeleton (D:5)
  Robin (D:3)
  4 adders
  6 gnolls
  A river rat (D:2)
  A shadow imp (D:7)
  A ribbon worm (D:2)
  7 dart slugs
  86 orcs
  9 ball pythons
  7 endoplasms
  5 giant cockroaches
  14 goblins
  16 hobgoblins
  2 jackals (D:4)
  16 kobolds
  2 quokkas (D:1)
  6 bats
  2 frilled lizards (D:2)
  4 rats
  A spectral weapon (Zot:5)
1811 creatures vanquished.

Vanquished Creatures (collateral kills)
  An orb of fire (Zot:4)
  A golden dragon (Depths:4)
  2 tentacled monstrosities
  5 Orb Guardians (Zot:5)
  2 sphinxes
  3 shadow dragons
  2 death cobs
  5 storm dragons
  2 tengu reavers
  3 fire giants
  An emperor scorpion (Spider:4)
  An iron dragon (Depths:3)
  2 draconian knights (Zot:2)
  2 vault wardens (Vaults:5)
  2 frost giants (Depths:3)
  2 draconian shifters
  4 draconian scorchers
  An orc warlord (Vaults:3)
  An ironbound preserver (Vaults:5)
  5 draconian stormcallers
  A spriggan defender (Depths:3)
  A formless jellyfish (Vaults:4)
  2 draconian annihilators
  2 very ugly things (Depths:3)
  6 black draconians
  4 stone giants
  7 green draconians
  3 spark wasps
  A war gargoyle (Vaults:3)
  3 white draconians
  4 yellow draconians (Zot:5)
  A purple draconian (Zot:5)
  3 red draconians
  2 fire dragons (Depths:4)
  3 ettins
  3 yaktaur captains
  23 vault guards
  A rakshasa (Depths:2)
  An ice dragon (Depths:4)
  A peacekeeper (Vaults:3)
  A death knight (D:14)
  A deep troll shaman (Depths:2)
  A centaur warrior (D:14)
  A tengu warrior (Depths:1)
  5 deep troll earth magi
  An orc high priest (Orc:2)
  3 two-headed ogres
  2 vampire magi (Depths:1)
  A hell knight (Depths:3)
  A sun demon (Depths:1)
  A shock serpent (Zot:4)
  9 iron trolls
  2 skysharks (Depths:1)
  14 deep trolls
  2 phantasmal warriors (Vaults:5)
  2 orc knights (Vaults:3)
  A lightning spire (Zot:4)
  6 ugly things
  9 moths of wrath
  4 salamanders
  A manticore (D:12)
  A kobold blastminer (Orc:2)
  An eye of devastation (shapeshifter) (Vaults:5)
  2 hellions (Depths:1)
  12 yaktaurs
  A tengu conjurer (Depths:2)
  A glass eye (Depths:2)
  A slime creature (Vaults:4)
  A water elemental (Elf:3)
  3 fire bats (Depths:1)
  A fire elemental (Depths:4)
  A wight (D:8)
  An orc priest (D:6)
  An orc wizard (D:9)
  3 orcs
  A goblin (Bailey)
  A hobgoblin (D:3)
  A kobold (D:4)
220 creatures vanquished.

Vanquished Creatures (others)
  A Killer Klown (Zot:4)
  A sphinx (Vaults:5)
  A tengu reaver (Depths:3)
  3 storm dragons
  A draconian monk (Depths:4)
  3 draconian shifters (Zot:4)
  A frost giant (Depths:3)
  A ghost moth (Zot:4)
  A draconian annihilator (Zot:4)
  An ironbound preserver (Vaults:3)
  A draconian scorcher (Zot:3)
  A deep elf elementalist (Elf:3)
  2 black draconians
  2 red draconians (Zot:5)
  An ettin (Vaults:5)
  2 fire dragons (Depths:3)
  2 yaktaur captains
  A tengu warrior (Depths:2)
  A deep troll shaman (Depths:1)
  A deep elf knight (Elf:1)
  A skyshark (Depths:1)
  A salamander mystic (Depths:1)
  A sixfirhy (Zot:4)
  A shadow demon (Depths:1)
  2 deep trolls
  A vault sentinel (Vaults:4)
  19 dancing weapons
  A freezing wraith (Vaults:5)
  5 yaktaurs
  A water elemental (Elf:3)
  A centaur simulacrum (D:14)
  A hornet simulacrum (D:14)
  A ballistomycete spore (D:5)
  19 foxfires (Swamp:3)
  2 starspawn tentacles (Depths:1)
85 creatures vanquished.

Grand Total: 2116 creatures vanquished

Notes
Turn   | Place    | Note
-------+----------+-------------------------------------------
     0 | D:1      | PlayingRandomsOnly the Naga Enchanter began the quest for
                  | the Orb.
     0 | D:1      | Reached XP level 1. HP: 15/15 MP: 3/3
   123 | D:1      | Reached skill level 5 in Stealth
   130 | D:1      | Reached XP level 2. HP: 18/24 MP: 5/5
   285 | D:1      | Reached skill level 1 in Fighting
   490 | D:1      | Learned a level 2 spell: Ensorcelled Hibernation
   591 | D:1      | Reached skill level 2 in Fighting
   613 | D:1      | Reached XP level 3. HP: 30/32 MP: 1/6
  1039 | D:2      | Noticed Sigmund
  1120 | D:2      | Learned a level 3 spell: Tukima's Dance
  1163 | D:2      | Reached skill level 3 in Fighting
  1163 | D:2      | Reached skill level 1 in Ice Magic
  1163 | D:2      | Reached XP level 4. HP: 26/42 MP: 7/7
  1348 | D:2      | Found Odivojol's Book Emporium.
  1520 | D:2      | Noticed Jessica
  1526 | D:2      | Killed Jessica
  1959 | D:3      | Reached XP level 5. HP: 49/49 MP: 8/8
  1967 | D:3      | Learned a level 3 spell: Confusing Touch
  2143 | D:3      | Noticed Ijyb
  2493 | D:3      | Found a broken altar of Ashenzari.
  2570 | D:3      | Noticed an ogre
  2719 | D:3      | Became a worshipper of Ashenzari the Shackled
  2859 | D:4      | Noticed Grinder
  3175 | D:5      | Entered Level 5 of the Dungeon
  3310 | D:5      | Noticed a centaur
  3311 | D:5      | Reached skill level 5 in Hexes
  3311 | D:5      | Reached XP level 6. HP: 49/56 MP: 9/9
  3449 | D:5      | Noticed Edmund
  3466 | D:5      | Killed Edmund
  3467 | D:5      | Reached XP level 7. HP: 57/62 MP: 10/10
  3683 | D:5      | Found a runed translucent gate.
  3683 | D:5      | Found a runed translucent gate.
  3683 | D:5      | Found a runed translucent gate.
  3684 | D:5      | Noticed TheSeeker391's ghost (novice HOFi)
  3798 | D:5      | Noticed Menkaure
  4072 | D:3      | Noticed Robin
  4105 | D:3      | Killed Ijyb
  4122 | D:3      | Killed Robin
  4859 | D:5      | Reached * piety under Ashenzari
  5405 | D:6      | Reached XP level 8. HP: 69/69 MP: 11/11
  5457 | D:6      | Learned a level 3 spell: Inner Flame
  5532 | D:6      | Reached skill level 1 in Throwing
  5658 | D:6      | Reached ** piety under Ashenzari
  6435 | D:2      | Sigmund changed into Sigmund the river rat
  6435 | D:2      | Noticed Sigmund
  6438 | D:2      | Killed Sigmund the river rat
  6467 | D:4      | Killed Grinder
  6468 | D:4      | Reached skill level 1 in Evocations
  6573 | D:4      | Found a shadowy altar of Dithmenos.
  6576 | D:4      | Found a glowing silver altar of Zin.
  6580 | D:4      | Found an ancient bone altar of Kikubaaqudgha.
  7046 | D:5      | Killed Menkaure
  7047 | D:5      | Reached skill level 1 in Fire Magic
  7559 | D:5      | Reached XP level 9. HP: 80/81 MP: 13/13
  7580 | D:5      | Killed TheSeeker391's ghost
  7866 | D:7      | Reached skill level 5 in Short Blades
  7936 | D:7      | Noticed a cyclops
  7998 | D:7      | Noticed Maurice
  8163 | D:7      | Killed Maurice
  8186 | D:7      | Found a staircase to the Ecumenical Temple.
  8295 | D:7      | Reached XP level 10. HP: 88/88 MP: 14/14
  8441 | D:7      | Killed a cyclops
  8442 | D:7      | Reached skill level 4 in Fighting
  8548 | D:7      | Upgraded the game from 0.31-a0-1597-ge7908ec95f to
                  | 0.31-a0-1606-g60c5cc7444
  8649 | D:8      | Reached *** piety under Ashenzari
  8829 | D:8      | Found a sparkling altar of Nemelex Xobeh.
  8853 | D:8      | Found a shimmering altar of Xom.
  8857 | D:8      | Found an iron altar of Okawaru.
  8997 | D:8      | Found a stormy altar of Qazlal.
  9040 | D:8      | Found a basalt altar of Yredelemnul.
  9424 | D:8      | Found a glowing golden altar of the Shining One.
  9457 | D:8      | Reached **** piety under Ashenzari
  9477 | D:8      | Reached skill level 1 in Air Magic
  9754 | D:9      | Noticed a two-headed ogre
  9846 | D:9      | Found a runed translucent gate.
  9846 | D:9      | Found a runed translucent gate.
  9846 | D:9      | Found a runed translucent gate.
  9847 | D:9      | Noticed megamayne420's ghost (journeyman HOMo)
  9880 | D:9      | Learned a level 5 spell: Freezing Cloud
  9988 | D:9      | Noticed a manticore
 10146 | D:9      | Killed a two-headed ogre
 10147 | D:9      | Reached skill level 10 in Stealth
 10552 | D:9      | Found a shimmering blue altar of Sif Muna.
 10698 | D:9      | Killed a manticore
 10827 | D:9      | Killed megamayne420's ghost
 10828 | D:9      | Reached XP level 11. HP: 97/97 MP: 16/16
 10857 | D:10     | Entered Level 10 of the Dungeon
 10932 | D:10     | Found a flagged portal.
 10965 | Bailey   | Entered a bailey
 11189 | Bailey   | Reached skill level 5 in Fighting
 11262 | Bailey   | Identified a scroll of acquirement
 11358 | Bailey   | Acquired the ring "Sutasot" {rC+ AC+4 Slay+2}
 11382 | Bailey   | Noticed an orc warlord
 11421 | Bailey   | Killed an orc warlord
 11422 | Bailey   | Reached skill level 5 in Fire Magic
 11456 | Bailey   | Reached XP level 12. HP: 109/109 MP: 17/17
 11601 | D:10     | Noticed a two-headed ogre
 11608 | D:10     | Killed a two-headed ogre
 11609 | D:10     | Reached skill level 1 in Armour
 12033 | D:2      | Bought a book of Geomancy for 420 gold pieces
 12296 | D:10     | Found a staircase to the Lair.
 12307 | D:10     | Reached skill level 6 in Fighting
 12385 | D:10     | Reached skill level 1 in Earth Magic
 13247 | D:9      | Noticed a tengu warrior
 13259 | D:9      | Noticed a two-headed ogre
 13270 | D:9      | Killed a tengu warrior
 13271 | D:9      | Reached skill level 7 in Fighting
 13468 | D:9      | Learned a level 3 spell: Passwall
 13607 | Lair:1   | Entered Level 1 of the Lair of Beasts
 13641 | Lair:1   | Identified the +6 dagger of the Spider {vamp, Int+5}
 13655 | Lair:1   | Noticed a catoblepas
 13669 | Lair:1   | Gained mutation: You can use your snake-like lower body to
                  | constrict enemies. [Naga growth]
 13669 | Lair:1   | Reached XP level 13. HP: 121/121 MP: 19/19
 13804 | Lair:1   | Reached skill level 8 in Fighting
 13804 | Lair:1   | Reached skill level 5 in Earth Magic
 13874 | Lair:1   | Noticed Erica
 13894 | Lair:1   | Killed Erica
 13895 | Lair:1   | Reached skill level 5 in Conjurations
 14992 | Lair:2   | Noticed a fire dragon
 15003 | Lair:2   | Killed a fire dragon
 15545 | D:2      | Bought a book of Hexes for 504 gold pieces
 16248 | Lair:2   | Noticed Maggie
 16260 | Lair:2   | Killed Maggie
 17009 | Lair:3   | Identified the +1 short sword of Evafit {vamp, Fly Int+2}
 17014 | Lair:3   | Found a staircase to the Swamp.
 17434 | Lair:3   | Found a hole to the Spider Nest.
 17469 | Lair:3   | Reached skill level 10 in Hexes
 17812 | Lair:4   | Found a staircase to the Slime Pits.
 17812 | Lair:4   | Found a viscous altar of Jiyva.
 17863 | Lair:4   | Identified the +0 pair of boots "Pente" {rElec rF+ MP-9}
 17887 | Lair:4   | Reached skill level 1 in Shields
 18610 | Lair:5   | Entered Level 5 of the Lair of Beasts
 18782 | Lair:5   | Reached XP level 14. HP: 132/132 MP: 20/20
 19158 | Lair:5   | Reached skill level 5 in Shields
 21090 | D:9      | Found an opulent altar of Gozag.
 21285 | D:11     | Identified the Codex of the Twenty Nightingales
 21500 | D:11     | Reached XP level 15. HP: 138/138 MP: 21/21
 21573 | D:11     | Found a staircase to the Orcish Mines.
 21802 | D:11     | Found a snail-covered altar of Cheibriados.
 23344 | D:13     | Learned a level 4 spell: Cause Fear
 23418 | D:14     | Found a gate to the Vaults.
 23441 | D:14     | Reached skill level 5 in Spellcasting
 23743 | Spider:1 | Entered Level 1 of the Spider Nest
 23817 | Spider:1 | Reached ***** piety under Ashenzari
 24011 | Spider:1 | Noticed Jorgrun
 24161 | Spider:1 | Found a runed translucent gate.
 24400 | Spider:1 | Found a runed translucent gate.
 24400 | Spider:1 | Found a runed translucent gate.
 24402 | Spider:1 | Noticed an emperor scorpion
 24731 | Spider:1 | Noticed Tinttamiau's ghost (adept OnAE)
 24731 | Spider:1 | Identified the +2 cloak of Wu Jian's Scorn {Int+4}
 24731 | Spider:1 | Identified the ring "Yschakk" {rN+ Str+6}
 25459 | Spider:2 | Noticed Frances
 25459 | Spider:2 | Killed Frances
 25522 | Spider:2 | Reached skill level 15 in Hexes
 25571 | Spider:2 | Noticed an emperor scorpion
 25616 | Spider:2 | Killed an emperor scorpion
 25749 | Spider:2 | Reached XP level 16. HP: 150/150 MP: 28/28
 25794 | Spider:2 | Learned a level 7 spell: Enfeeble
 26142 | Spider:2 | Noticed Arachne
 26154 | Spider:2 | Killed Arachne
 26789 | Spider:3 | Noticed Agnes
 26789 | Spider:3 | Killed Agnes
 27585 | Spider:4 | Entered Level 4 of the Spider Nest
 27951 | Spider:4 | Reached skill level 15 in Stealth
 28407 | Spider:4 | Reached XP level 17. HP: 101/157 MP: 29/29
 28931 | Spider:4 | Found the +0 pair of fencer's gloves {Riposte Dex+3}
 28964 | Spider:4 | Got a gossamer rune of Zot
 29109 | Spider:1 | Killed Jorgrun
 29194 | Spider:1 | Noticed Kirke
 29212 | Spider:1 | Killed Kirke
 29435 | Spider:1 | Killed Tinttamiau's ghost
 29579 | Swamp:1  | Entered Level 1 of the Swamp
 29615 | Swamp:1  | Identified the serpent talisman of Egalitarianism {Dex+6}
 29615 | Swamp:1  | Noticed Aizul
 29635 | Swamp:1  | Killed Aizul
 29755 | Swamp:1  | Identified the +4 leather armour "Huseruphe" {rC+ Slay+2}
 30372 | Swamp:2  | Found a runed translucent door.
 30433 | Swamp:2  | Found a shimmering altar of Xom.
 30433 | Swamp:2  | Noticed Pimul's ghost (adept GrBe)
 30481 | Swamp:2  | Reached skill level 5 in Dodging
 31068 | Swamp:2  | Killed Pimul's ghost
 31097 | Swamp:3  | Noticed Mara
 31100 | Swamp:3  | Noticed PlayingRandomsOnly's illusion
 31300 | Orc:1    | Entered Level 1 of the Orcish Mines
 31604 | Orc:2    | Entered Level 2 of the Orcish Mines
 31664 | Orc:2    | Found Anut's Self-Improvement Boutique.
 31943 | Orc:2    | Found a staircase to the Elven Halls.
 32450 | Orc:1    | Found an iron altar of Okawaru.
 32495 | Orc:1    | Found Goarram's Jewellery Shoppe.
 32664 | Orc:2    | Found Cirannewn's Distillery.
 32666 | Orc:2    | Found Ecygh's Magic Scroll Shoppe.
 32671 | Orc:2    | Reached skill level 5 in Evocations
 32752 | Orc:2    | Bought a scroll of vulnerability for 56 gold pieces
 32968 | Orc:2    | Reached XP level 18. HP: 163/163 MP: 29/29
 33147 | Orc:2    | Found Yteulus's Jewellery Shop.
 33147 | Orc:2    | Found Hogon's Antique Armour Boutique.
 33147 | Orc:2    | Found a one-way gate leading to the halls of Pandemonium.
 33162 | Orc:2    | Bought the ring "Featy" {Wiz Will+ Int+2} for 842 gold
                  | pieces
 33219 | Elf:1    | Entered Level 1 of the Elven Halls
 33275 | Elf:1    | Reached skill level 10 in Short Blades
 33746 | Elf:1    | Found Tut Poto's Assorted Antiques.
 34709 | Elf:2    | Reached skill level 10 in Evocations
 34856 | Elf:2    | Reached skill level 9 in Fighting
 35004 | Elf:2    | Found a runed translucent gate.
 35005 | Elf:2    | Found a runed translucent gate.
 35005 | Elf:2    | Found a runed translucent gate.
 35394 | D:13     | Reached skill level 10 in Fighting
 36199 | D:14     | Reached XP level 19. HP: 122/176 MP: 30/30
 36203 | D:14     | Reached skill level 11 in Fighting
 36616 | D:14     | Reached skill level 12 in Fighting
 36658 | D:14     | Identified the staff of Res Ipsa Loquitur {^Drain rCorr
                  | Str+3 Conj}
 36757 | D:14     | Identified the ring of Lufiur {+Blink Fly rPois rF+ Int-2}
 37422 | D:15     | Entered Level 15 of the Dungeon
 37446 | D:15     | Found Usmeorph's General Store.
 37494 | D:15     | Found a staircase to the Depths.
 37673 | Orc:2    | Bought a manual of Throwing for 1440 gold pieces
 37774 | D:15     | Bought a scroll of enchant armour for 82 gold pieces
 37774 | D:15     | Bought a potion of berserk rage for 55 gold pieces
 37816 | D:15     | Reached skill level 13 in Fighting
 37885 | D:15     | Found a hide-covered altar of Uskayaw.
 38131 | D:15     | Reached skill level 1 in Necromancy
 38631 | Vaults:1 | Entered Level 1 of the Vaults
 38870 | Vaults:1 | Noticed Nikola
 39329 | Vaults:1 | Identified the +5 hand axe "Rogil" {protect, *Noise rPois
                  | Str+4 Stlth+}
 39449 | Vaults:1 | Identified the +1 glaive of Crystal {freeze, rF+++ rC-
                  | Str+5 Int-3}
 39857 | Vaults:1 | Noticed a golden dragon
 40036 | Vaults:1 | Killed Nikola
 40188 | Vaults:1 | Killed a golden dragon
 40418 | Vaults:1 | Learned a level 5 spell: Borgnjor's Vile Clutch
 41072 | Elf:1    | Reached XP level 20. HP: 185/187 MP: 15/33
 41868 | Elf:2    | Reached skill level 5 in Necromancy
 42741 | Elf:3    | Entered Level 3 of the Elven Halls
 42885 | Elf:3    | Noticed Boris
 42918 | Elf:3    | Killed Boris
 43152 | Elf:3    | Paralysed by an air elemental for 1 turns
 43975 | Elf:3    | Reached skill level 5 in Throwing
 44090 | Elf:3    | Identified the +6 falchion of Tomorrow {freeze, Str+5}
 44151 | Elf:3    | Identified the +11 flail of Causality {freeze, rPois Int+2
                  | Dex+3}
 44164 | Elf:3    | Noticed a Tzitzimitl
 44276 | Elf:3    | Identified the +9 great sword of the Final Decision {drain,
                  | Dex+3 Stlth+}
 44276 | Elf:3    | Identified the amulet "Wap Jiuv" {+Inv Regen+ Dex+3}
 44759 | Elf:3    | Identified the +2 chain mail of Hubris {rElec rC+ Regen+}
 45079 | Elf:3    | Identified the +1 fire dragon scales of Delicate
                  | Amelioration {rF++ rC- Regen+ Int-2 Dex+4}
 45098 | Elf:3    | Reached skill level 10 in Throwing
 45661 | Swamp:3  | Killed Mara
 46019 | Swamp:3  | Reached skill level 10 in Spellcasting
 46642 | Swamp:4  | Entered Level 4 of the Swamp
 46714 | Swamp:4  | Reached XP level 21. HP: 99/194 MP: 29/35
 46806 | Swamp:4  | Learned a level 5 spell: Irradiate
 46844 | Swamp:4  | Identified the +5 quarterstaff "Transmigrator" {heavy,
                  | rElec SInv}
 47305 | Swamp:4  | Noticed the 27-headed Lernaean hydra
 47391 | Swamp:4  | Killed the 27-headed Lernaean hydra
 47392 | Swamp:4  | Reached skill level 1 in Alchemy
 47448 | Swamp:4  | Got a decaying rune of Zot
 47934 | D:14     | Learned a level 5 spell: Yara's Violent Unravelling
 48323 | Vaults:2 | Identified the +8 arbalest of the Three Leylines {penet,
                  | ^Drain Will+ Int+2 Dex+3}
 48323 | Vaults:2 | Identified the +4 arbalest of Aceis {drain, Int-2 Dex+5}
 48810 | Vaults:2 | Found a staircase to the Crypt.
 49726 | Vaults:3 | Learned a level 8 spell: Discord
 50320 | Vaults:3 | Gained mutation: You are weak. (Str -2) [you]
 50322 | Vaults:3 | Lost mutation: You are weak. (Str -2) [potion of mutation]
 50322 | Vaults:3 | Gained mutation: Your mind is acute. (Int +4, Str/Dex -1)
                  | [potion of mutation]
 50322 | Vaults:3 | Gained mutation: You expend magic power (3 MP) to
                  | strengthen your wands. [potion of mutation]
 50322 | Vaults:3 | Gained mutation: You are frail. (-10% HP) [potion of
                  | mutation]
 50323 | Vaults:3 | Lost mutation: Your mind is acute. (Int +4, Str/Dex -1)
                  | [potion of mutation]
 50323 | Vaults:3 | Lost mutation: You are frail. (-10% HP) [potion of
                  | mutation]
 50323 | Vaults:3 | Lost mutation: You expend magic power (3 MP) to strengthen
                  | your wands. [potion of mutation]
 50323 | Vaults:3 | Gained mutation: Your body sometimes deteriorates upon
                  | taking damage. [potion of mutation]
 50323 | Vaults:3 | Gained mutation: You are partially covered in iridescent
                  | scales. (AC +2) [potion of mutation]
 50323 | Vaults:3 | Gained mutation: Your mind is acute. (Int +4, Str/Dex -1)
                  | [potion of mutation]
 50324 | Vaults:3 | Lost mutation: Your body sometimes deteriorates upon taking
                  | damage. [potion of mutation]
 50324 | Vaults:3 | Lost mutation: Your mind is acute. (Int +4, Str/Dex -1)
                  | [potion of mutation]
 50324 | Vaults:3 | Gained mutation: You sometimes lose your temper in combat.
                  | [potion of mutation]
 50325 | Vaults:3 | Lost mutation: You are partially covered in iridescent
                  | scales. (AC +2) [potion of mutation]
 50325 | Vaults:3 | Lost mutation: You sometimes lose your temper in combat.
                  | [potion of mutation]
 50325 | Vaults:3 | Gained mutation: You are weak. (Str -2) [potion of
                  | mutation]
 50326 | Vaults:3 | Lost mutation: You are weak. (Str -2) [potion of mutation]
 50326 | Vaults:3 | Gained mutation: Your movements are slightly less
                  | encumbered by armour. (ER -2) [potion of mutation]
 50326 | Vaults:3 | Gained mutation: You occasionally shout uncontrollably at
                  | your foes. [potion of mutation]
 50326 | Vaults:3 | Gained mutation: You expend magic power (3 MP) to
                  | strengthen your wands. [potion of mutation]
 50327 | Vaults:3 | Lost mutation: Your movements are slightly less encumbered
                  | by armour. (ER -2) [potion of mutation]
 50327 | Vaults:3 | Lost mutation: You occasionally shout uncontrollably at
                  | your foes. [potion of mutation]
 50327 | Vaults:3 | Gained mutation: You are clumsy. (Dex -2) [potion of
                  | mutation]
 50327 | Vaults:3 | Gained mutation: Your flesh is heat resistant. (rF+)
                  | [potion of mutation]
 50328 | Vaults:3 | Lost mutation: Your flesh is heat resistant. (rF+) [potion
                  | of mutation]
 50328 | Vaults:3 | Lost mutation: You are clumsy. (Dex -2) [potion of
                  | mutation]
 50328 | Vaults:3 | Lost mutation: You expend magic power (3 MP) to strengthen
                  | your wands. [potion of mutation]
 50328 | Vaults:3 | Gained mutation: You sometimes lose your temper in combat.
                  | [potion of mutation]
 50329 | Vaults:3 | Lost mutation: You sometimes lose your temper in combat.
                  | [potion of mutation]
 50329 | Vaults:3 | Gained mutation: Your magical capacity is low. (-10% MP)
                  | [potion of mutation]
 50329 | Vaults:3 | Gained mutation: Your muscles are strong. (Str +4, Int/Dex
                  | -1) [potion of mutation]
 50330 | Vaults:3 | Lost mutation: Your magical capacity is low. (-10% MP)
                  | [potion of mutation]
 50330 | Vaults:3 | Lost mutation: Your muscles are strong. (Str +4, Int/Dex
                  | -1) [potion of mutation]
 50330 | Vaults:3 | Gained mutation: You have hidden genetic potential. [potion
                  | of mutation]
 50505 | Vaults:3 | Reached skill level 14 in Fighting
 50525 | Vaults:3 | Reached XP level 22. HP: 146/206 MP: 26/40
 51345 | Vaults:4 | Found Keumi's Antique Weapon Boutique.
 51468 | Vaults:4 | Found Culy's Weapon Emporium.
 51614 | Vaults:4 | Identified the +0 leather armour of a ziggurat {Will+
                  | Str+4}
 51901 | Vaults:4 | Found Vazielou's Assorted Antiques.
 51905 | Vaults:4 | Found Roowkes's Book Boutique.
 52047 | Vaults:4 | Found Nozuimp's General Store.
 52172 | Vaults:5 | Entered Level 5 of the Vaults
 52175 | Vaults:5 | Reached skill level 15 in Fighting
 52792 | Depths:1 | Entered Level 1 of the Depths
 52858 | Depths:1 | Reached skill level 5 in Armour
 52978 | Depths:1 | Upgraded the game from 0.31-a0-1606-g60c5cc7444 to
                  | 0.31-a0-1612-g4aaf141004
 53032 | Depths:1 | Found a stormy altar of Qazlal.
 53036 | Depths:1 | Noticed Norris
 53088 | Depths:1 | Found Emog Hethro's General Store.
 53097 | Depths:1 | Found Kabut's Jewellery Shoppe.
 53115 | Depths:1 | Found a one-way gate to the infinite horrors of the Abyss.
 53120 | Depths:1 | Noticed Asterion
 53144 | Depths:1 | Found a blossoming altar of Fedhas.
 53342 | Depths:1 | Found a large runed translucent door.
 53342 | Depths:1 | Found a large runed translucent door.
 53347 | Depths:1 | Noticed Wiewnimod's ghost (veteran GrEE)
 53375 | Depths:1 | Killed Wiewnimod's ghost
 53398 | Depths:1 | Gained mutation: You possess an exceptional clarity of
                  | mind. [hidden potential]
 53435 | Depths:1 | Killed Norris
 53473 | Depths:1 | Killed Asterion
 53698 | Depths:1 | Found a gateway to Hell.
 55229 | Depths:2 | Reached XP level 23. HP: 206/217 MP: 32/41
 55626 | Depths:2 | Noticed a juggernaut
 55653 | Depths:2 | Killed a juggernaut
 55821 | Depths:2 | Found Coiziwath's Weapon Shop.
 56462 | Depths:3 | Identified the orb of the Ecumenical Temple {light, rCorr}
 56462 | Depths:3 | Noticed Frederick
 56738 | Depths:3 | Noticed a golden dragon
 56760 | Depths:3 | Killed a golden dragon
 57175 | Depths:3 | Identified the +7 arbalest of Tienih {flame, rElec Str-3
                  | SInv}
 57548 | Depths:3 | Identified the +2 mace "Myosu" {freeze, MP+9}
 57629 | Depths:3 | Reached skill level 5 in Alchemy
 57795 | Depths:3 | Killed Frederick
 57914 | Depths:3 | Gained mutation: Your muscles are strong. (Str +4, Int/Dex
                  | -1) [hidden potential]
 57914 | Depths:3 | Lost mutation: You have hidden genetic potential. [hidden
                  | potential expressed]
 57963 | Depths:3 | Noticed a caustic shrike
 57980 | Depths:3 | Killed a caustic shrike
 58034 | Depths:3 | Noticed a caustic shrike
 58035 | Depths:3 | Killed a caustic shrike
 58705 | Orc:2    | Bought a manual of Shields for 1440 gold pieces
 58850 | Depths:4 | Entered Level 4 of the Depths
 59018 | Depths:4 | Reached XP level 24. HP: 179/234 MP: 30/42
 59117 | Depths:4 | Reached skill level 10 in Shields
 59139 | Depths:4 | Found a one-way gateway to a ziggurat.
 59282 | Depths:4 | Found a portal to a secret trove of treasure.
 59561 | Depths:4 | Found a gate to the Realm of Zot.
 60219 | Vaults:4 | You fall into a shaft and drop 1 floor!
 60219 | Vaults:5 | Identified the +9 shortbow "Beastslayer" {heavy, Fly}
 60224 | Vaults:5 | Identified the +4 shortbow of the Valley {elec, rC- MP+9
                  | Dex+3 Stlth+}
 60439 | Vaults:5 | Reached skill level 15 in Shields
 60778 | Vaults:5 | Identified the +12 battleaxe of Urext {venom, *Slow rC+
                  | rCorr}
 60790 | Vaults:5 | Identified the ring of Faocum {rN+ MP+9}
 61213 | Vaults:5 | Noticed an ancient lich
 61244 | Vaults:5 | Killed an ancient lich
 61314 | Vaults:5 | Acquired the +6 lightning scales {swift, rElec}
 61314 | Vaults:5 | Found the +6 lightning scales {swift, rElec}
 61595 | Vaults:5 | Identified the +8 trident "Keyniolee" {speed, Fly rN+
                  | Int-3}
 61596 | Vaults:5 | Identified the +4 broad axe of the Gloaming {venom, +Blink
                  | rN+ Stlth-}
 61596 | Vaults:5 | Identified the staff of the Burning Queen {rF+ rC+ Will-
                  | rCorr Ice}
 61629 | Vaults:5 | Got a silver rune of Zot
 61861 | Vaults:5 | Reached XP level 25. HP: 218/230 MP: 42/42
 62111 | Vaults:5 | Identified the Atlas of the Crystalline Map
 62777 | Zot:1    | Entered Level 1 of the Realm of Zot
 64960 | Vaults:4 | Bought a runed rapier for 301 gold pieces
 65285 | Elf:1    | Bought a runed rapier for 168 gold pieces
 65783 | Zot:1    | Reached skill level 10 in Dodging
 66139 | Zot:2    | Noticed a Killer Klown
 66159 | Zot:2    | Killed a Killer Klown
 66274 | Zot:2    | Reached skill level 16 in Fighting
 66308 | Zot:2    | Reached ****** piety under Ashenzari
 66690 | Zot:2    | Reached skill level 17 in Fighting
 67061 | Zot:2    | Found Xiatuxe's CLEARANCE SALE!.
 67068 | Zot:2    | Bought 2 potions of heal wounds for 40 gold pieces
 67345 | Zot:3    | Identified the ring of Wiatyol {Will+ Dex+3}
 67408 | Zot:3    | Noticed Parghit
 67410 | Zot:3    | Killed Parghit
 67564 | Zot:3    | Reached skill level 18 in Fighting
 67957 | Zot:4    | Learned a level 4 spell: Passage of Golubria
 67960 | Zot:4    | Learned a level 2 spell: Lesser Beckoning
 67963 | Zot:4    | Learned a level 2 spell: Blink
 67987 | Zot:4    | Reached skill level 1 in Translocations
 67987 | Zot:4    | Noticed a Killer Klown
 68000 | Zot:4    | Killed a Killer Klown
 68001 | Zot:4    | Noticed an orb of fire
 68027 | Zot:4    | Gained mutation: You are frail. (-10% HP) [an orb of fire]
 68029 | Zot:4    | Gained mutation: Your body sometimes deteriorates upon
                  | taking damage. [an orb of fire]
 68044 | Zot:4    | Lost mutation: You possess an exceptional clarity of mind.
                  | [an orb of fire]
 68050 | Zot:4    | Killed an orb of fire
 68134 | Zot:4    | Lost mutation: Your body sometimes deteriorates upon taking
                  | damage. [potion of mutation]
 68134 | Zot:4    | Lost mutation: You are frail. (-10% HP) [potion of
                  | mutation]
 68134 | Zot:4    | Gained mutation: You have an increased reservoir of magic.
                  | (+10% MP) [potion of mutation]
 68134 | Zot:4    | Gained mutation: You have hidden genetic potential. [potion
                  | of mutation]
 68134 | Zot:4    | Gained mutation: You are clumsy. (Dex -2) [potion of
                  | mutation]
 68134 | Zot:4    | Gained mutation: Your flesh is heat resistant. (rF+)
                  | [potion of mutation]
 68183 | Zot:4    | Reached XP level 26. HP: 129/262 MP: 36/47
 68726 | Zot:4    | Reached skill level 19 in Fighting
 69047 | Zot:4    | Identified the staff "Aqiuloum" {rElec rC+ Str+3 Int-2 Air}
 70211 | Zot:5    | Entered Level 5 of the Realm of Zot
 70255 | Zot:5    | Reached skill level 20 in Fighting
 70718 | Zot:5    | Noticed a Killer Klown
 70721 | Zot:5    | Noticed a Killer Klown
 70724 | Zot:5    | Noticed a dread lich
 70726 | Zot:5    | Noticed an orb of fire
 70726 | Zot:5    | Noticed a Killer Klown
 70727 | Zot:5    | Noticed an ancient lich
 70728 | Zot:5    | Killed a Killer Klown
 70728 | Zot:5    | Noticed a dread lich
 70730 | Zot:5    | Gained mutation: You are frail. (-10% HP) [an orb of fire]
 70731 | Zot:5    | Lost mutation: You have hidden genetic potential. [an orb
                  | of fire]
 70732 | Zot:5    | Noticed a dread lich
 70764 | Zot:5    | Killed a dread lich
 70765 | Zot:5    | Reached skill level 21 in Fighting
 70780 | Zot:5    | Noticed an orb of fire
 70786 | Zot:5    | Killed an ancient lich
 70789 | Zot:5    | Killed an orb of fire
 70795 | Zot:5    | Killed a dread lich
 70801 | Zot:5    | Noticed an ancient lich
 70804 | Zot:5    | Killed a dread lich
 70807 | Zot:5    | Killed an orb of fire
 70809 | Zot:5    | Noticed a dread lich
 70811 | Zot:5    | Noticed a dread lich
 70812 | Zot:5    | Killed an ancient lich
 70819 | Zot:5    | Killed a dread lich
 70819 | Zot:5    | Noticed a Killer Klown
 70822 | Zot:5    | Killed a Killer Klown
 70823 | Zot:5    | Reached skill level 22 in Fighting
 70827 | Zot:5    | Killed a dread lich
 70828 | Zot:5    | Noticed a Killer Klown
 70830 | Zot:5    | Noticed a dread lich
 70830 | Zot:5    | Killed a Killer Klown
 70840 | Zot:5    | Noticed a Killer Klown
 70854 | Zot:5    | Killed a Killer Klown
 70857 | Zot:5    | Killed a Killer Klown
 70857 | Zot:5    | Killed a dread lich
 70893 | Zot:5    | Killed a Killer Klown
 70894 | Zot:5    | Reached XP level 27. HP: 168/259 MP: 24/47
 71156 | Zot:5    | Reached skill level 23 in Fighting
 72019 | Zot:5    | Got the Orb of Zot
 72373 | D:11     | Noticed a seraph
 72625 | D:$      | Escaped with the Orb!

Illustrated notes

Levels and vault maps discovered:
D:1:      eino_arrival_water_cross, layout_basic, minmay_split_cup_large
D:2:      layout_loops_ring, serial_shops, shop, kennysheep_generic_room_9,
          uniq_jessica, uniq_sigmund
D:3:      layout_basic, lemuel_tele_altar, nicolae_goblin_pals
D:4:      layout_loops_ring, grunt_temple_overflow_diamond, uniq_grinder
D:5:      layout_cave_pods, gammafunk_ghost_necromancy, uniq_edmund,
          uniq_menkaure
D:6:      layout_layer_cave, chequers_serial_rivers_small_a
D:7:      layout_loops_ring, temple_hall, uniq_maurice
D:8:      layout_loops_ring, grunt_temple_overflow_open, tso_metal_star,
          nemelex_diamond_rough_becter, mainiacjoe_overflow_catwalk_spiral,
          chequers_serial_rivers_micro_b, grunt_ministairs_12
D:9:      nzn_winding_woodlands_stair_cross [nzn_winding_woodlands_5x15_crooked,
          nzn_winding_woodlands_center_diamonds,
          nzn_winding_woodlands_5x15_split_checker,
          nzn_winding_woodlands_5x5_checkerboard,
          nzn_winding_woodlands_hourglass, nzn_winding_woodlands_5x15_default,
          nzn_winding_woodlands_center_garden,
          nzn_winding_woodlands_5x15_parted], layout_layer_cave, led_sif_pool,
          mainiacjoe_overflow_alcove_1, ebering_ghost_rock_garden
D:10:     layout_loops_ring, david_lair_generic, enter_bailey_2,
          grunt_ministairs_2
D:11:     layout_loops_ring, kennysheep_orc_monster_closet_entryway,
          slow_altar_1
D:12:     layout_rooms
D:13:     layout_rooms
D:14:     minmay_the_grid_square_5x5_5x5_mashed [minmay_the_grid_square_5x5_n,
          minmay_the_grid_square_5x5_hollow_slash,
          minmay_the_grid_square_5x5_bite, minmay_the_grid_square_5x5_percent,
          minmay_the_grid_square_5x5_two_small,
          minmay_the_grid_square_5x5_bridge,
          minmay_the_grid_square_5x5_prize_waves,
          minmay_the_grid_square_5x5_shrine1,
          minmay_the_grid_square_5x5_prize_deathbox,
          minmay_the_grid_square_5x5_almost_minimal,
          minmay_the_grid_square_5x5_checkered_statues,
          minmay_the_grid_square_5x5_seven,
          minmay_the_grid_square_5x5_prize_itemx,
          minmay_the_grid_square_5x5_minibox, minmay_the_grid_square_5x5_corner,
          minmay_the_grid_square_5x5_inner_i,
          minmay_the_grid_square_5x5_prize_snowflake,
          minmay_the_grid_square_5x5_hourglass,
          minmay_the_grid_square_5x5_prize_rear_guard,
          minmay_the_grid_square_5x5_tie, minmay_the_grid_square_5x5_eight,
          minmay_the_grid_square_5x5_misaligned,
          minmay_the_grid_square_5x5_checkered,
          minmay_the_grid_square_5x5_dogpile,
          minmay_the_grid_square_5x5_doubleslash], layout_cave_pools,
          erik_vaults_2, roderic_cross_of_infinity
D:15:     hangedman_depths_entry_try_elsewhere_first, layout_irregular_city,
          nicolae_uskayaw_dance_hall, serial_shops, shop
Lair:1:   layout_cave_pods, grunt_megastairs_1, uniq_erica
Lair:2:   dragon1_lemuel, layout_long_grid, nicolae_quartered_pool_impasse,
          serial_bayou_shore_a, uniq_maggie
Lair:3:   layout_cellular_growth, skrybe_swamp_entry_bodies,
          spider_nest_entry_a, disabler_island, infiniplex_staircase_pool
Lair:4:   layout_cave_pods, slime_entry_1
Lair:5:   evilmike_catoblepas_cave, layout_cave_pods,
          grunt_forest_small_clearing_treed, infiniplex_staircase_pool_2,
          grunt_megastairs_2
Swamp:1:  layout_basic_swamp, nicolae_swamp_triple_paths, uniq_aizul
Swamp:2:  layout_falls_marsh, ebering_ghost_xom, evilmike_swamp_ruin_house_5
Swamp:3:  layout_basic_swamp, evilmike_swamp_ruin_house_6, swamp_pool_1_2,
          nicolae_swamp_spooky_pond, uniq_mara
Swamp:4:  swamp_basic_johnstein, layout_basic_swamp
Spider:1: layout_chambers, gammafunk_ghost_tricky_traps, uniq_jorgrun,
          uniq_kirke
Spider:2: layout_spider_delve, uniq_frances, uniq_arachne
Spider:3: layout_spider_delve, hellmonk_narrow_tunnel, uniq_agnes
Spider:4: grunt_spider_rune_circles
Orc:1:    layout_caves, serial_shops, shop, basic_altar,
          okawaru_metal_pillars_1_2
Orc:2:    pf_orc_diabolical, layout_diamond_mine, nicolae_orc_hostile_takeover,
          nicolae_shop_self_help
Elf:1:    layout_loops_corners, serial_shops, nicolae_shop_tiny_statue_garden,
          hangedman_elven_crosses_minicolossus
Elf:2:    nicolae_elf_blades_crystal_corner, layout_geoelf_octagon
Elf:3:    minmay_elf_hall_statues, layout_gridlike, uniq_boris
Vaults:1: nicolae_vaults_murder_corner, vaults_standard_mumra_x,
          nicolae_vaults_what_the_h, ontoclasm_vaults_gateway,
          grunt_vaults_swirl, hangedman_vaults_maws,
          nicolae_vaults_little_squares_4, vaults_dpeg_cross,
          nicolae_vaults_diamond_1, layout_vaults_quadrants, uniq_nikola
Vaults:2: nicolae_vaults_angled_halls, v_rooms_4, minmay_crypt_entry_simple_box,
          vaults_room_corners, nicolae_vaults_house_1, grunt_vaults_focal,
          nicolae_vaults_yaktaur_gun_rack, nicolae_vaults_more_shelving_1,
          layout_vaults_chaotic_city
Vaults:3: nicolae_vaults_doubleplus_tesselated, v_pattern_5,
          nicolae_vaults_hallways_thing, grunt_vaults_twisty,
          nicolae_vaults_diamond_2, nicolae_vaults_trapezoid_4,
          vaults_dpeg_diagonal, v_misc_26, nicolae_vaults_oval_intersection,
          layout_vaults_omnicross
Vaults:4: v_misc_14, v_misc_3, nicolae_vaults_weapon_check,
          nicolae_vaults_diamond_2, nicolae_vaults_stairing_the_circle,
          hangedman_vaults_corner, nicolae_vaults_security_offices_4,
          nicolae_vaults_double_plus_1, nicolae_vaults_tetromino_Z_1,
          nicolae_vaults_house_1, layout_vaults_maze_snakey, serial_shops,
          nicolae_shop_trees, nicolae_shop_behind_doors,
          nicolae_shop_statue_plus, shop, nicolae_shop_getting_attention
Vaults:5
Depths:1: layout_cave_shapes, nicolae_qazlal_general_emergency,
          ebering_ghost_disaster_area, abyss_entry_glasseish,
          nicolae_hell_entry_hellmouth_sunbeams, minmay_misc_feat_more_columns,
          st_stairs_9, fedhas_altar_2, minmay_shop_star, uniq_norris,
          uniq_asterion
Depths:2: nicolae_hitomezashi [nicolae_hito_row, nicolae_hito_row,
          nicolae_hito_row, nicolae_hito_row, nicolae_hito_row,
          nicolae_hito_row, nicolae_hito_row, nicolae_hito_row,
          nicolae_hito_row, nicolae_hito_row, nicolae_hito_row,
          nicolae_hito_row, nicolae_hito_row, nicolae_hito_row,
          nicolae_hito_row, nicolae_hito_row, nicolae_hito_row,
          nicolae_hito_row], layout_basic, rand_demon_pan_entry_7, serial_shops,
          shop, hell_entry, bh_walls_and_bars, lemuel_flame_loot_1,
          minmay_staircase_statues
Depths:3: nooodl_heptagram, layout_cross, abyss_entry_small_statue_room,
          pan_entry, pf_coc_iceberg, fountainhead, uniq_frederick
Depths:4: grunt_zot_entry_funnels, layout_cave_pools, enter_ziggurat_c,
          enter_trove_5, hell_entry, infiniplex_staircase_pool_lava
Zot:1:    layout_gridville
Zot:2:    layout_twisted_circle, nicolae_shop_clearance
Zot:3:    layout_concentric_octagons, uniq_parghit
Zot:4:    infiniplex_zot_generator, layout_basic, zot_minivault_7
Zot:5:    layout_basic

Skill      XL: |  1  2  3  4  5  6  7  8  9 10 11 12 13 14 15 16 17 18 19 20 21 22 23 24 25 26 27 |
---------------+----------------------------------------------------------------------------------+-----
Stealth        | 5 7 9 11 12 15 18 20 | 20.9
Fighting       | 2 3 4 5 7 8 10 13 14 15 18 22 23 | 23.7
Ice Magic      | 1 2 3 8 |  8.0
Hexes          | 5 6 10 13 15 17 18 19 20 | 20.9
Short Blades   | 4 7 8 9 11 | 11.3
Throwing       | 3 4 10 14 | 14.1
Dodging        | 2 3 5 7 8 9 10 | 10.0
Evocations     | 2 3 6 10 | 10.0
Fire Magic     | 1 3 5 |  5.0
Air Magic      | 3 7 8 |  8.0
Conjurations   | 3 4 5 8 |  8.1
Armour         | 2 4 7 8 |  8.1
Earth Magic    | 4 5 8 |  8.0
Shields        | 2 7 8 15 | 15.2
Spellcasting   | 5 9 10 14 | 14.0
Necromancy     | 4 6 |  6.1
Alchemy        | 3 7 |  7.2
Translocations | 2 |  2.5

Action                     |  1- 3 |  4- 6 |  7- 9 | 10-12 | 13-15 | 16-18 | 19-21 | 22-24 | 25-27 || total
---------------------------+-------+-------+-------+-------+-------+-------+-------+-------+-------++-------
  Melee: Dagger            |    75 |    10 |    20 |    12 |   415 |   125 |       |       |       ||   657
         Short sword       |       |    65 |   196 |   452 |    14 |       |       |       |       ||   727
         Punch             |       |       |     6 |     7 |     8 |       |       |       |       ||    21
         Constrict         |       |       |       |       |   121 |   191 |   186 |   150 |    97 ||   745
         Rapier            |       |       |       |       |   345 |   980 |  1405 |  1149 |   683 ||  4562
  Throw: Dart              |       |     2 |     7 |     4 |     2 |       |     3 |       |       ||    18
         Stone             |       |       |    18 |       |     5 |       |       |       |       ||    23
         Boomerang         |       |       |       |       |       |    22 |   158 |    77 |    86 ||   343
         Javelin           |       |       |       |       |       |       |       |    11 |    30 ||    41
   Cast: Ensorcelled Hiber |     6 |    16 |    16 |    25 |    55 |    49 |    16 |       |       ||   183
         Confusing Touch   |       |     4 |    14 |    26 |    18 |    43 |    69 |    79 |    19 ||   272
         Tukima's Dance    |       |     4 |    13 |    29 |     9 |     3 |     4 |    18 |       ||    80
         Inner Flame       |       |       |     9 |     2 |     1 |     2 |       |       |       ||    14
         Passwall          |       |       |       |     2 |    42 |    70 |     9 |    13 |    48 ||   184
         Freezing Cloud    |       |       |       |       |    47 |    20 |    30 |    18 |       ||   115
         Cause Fear        |       |       |       |       |     4 |     3 |       |     2 |     1 ||    10
         Enfeeble          |       |       |       |       |       |    26 |    46 |    22 |     8 ||   102
         Borgnjor's Vile C |       |       |       |       |       |       |    24 |     5 |     6 ||    35
         Discord           |       |       |       |       |       |       |     4 |    37 |    34 ||    75
         Yara's Violent Un |       |       |       |       |       |       |     4 |    24 |    14 ||    42
         Irradiate         |       |       |       |       |       |       |       |     4 |     4 ||     8
         Passage of Golubr |       |       |       |       |       |       |       |       |     8 ||     8
 Invoke: Curse Item        |       |       |     4 |     4 |     2 |     3 |     1 |     1 |     4 ||    19
         Shatter the Chain |       |       |       |     1 |     1 |     4 |     2 |       |     1 ||     9
Ability: Spit Poison       |    21 |    24 |    15 |     6 |     4 |    11 |       |       |       ||    81
         Evoke Invisibilit |       |       |       |       |       |       |       |     1 |       ||     1
  Evoke: Wand              |       |       |    10 |     9 |     3 |     9 |    11 |     1 |    17 ||    60
         Phantom mirror    |       |       |       |       |     1 |       |       |       |       ||     1
         Lightning rod     |       |       |       |       |       |     8 |     5 |     9 |       ||    22
         Box of beasts     |       |       |       |       |       |     2 |     1 |       |     1 ||     4
         Phial of floods   |       |       |       |       |       |       |       |     1 |       ||     1
         Condenser vane    |       |       |       |       |       |       |       |     1 |       ||     1
    Use: Potion            |     1 |     5 |     2 |     3 |       |     7 |    10 |     9 |    16 ||    53
         Scroll            |       |     5 |     5 |     2 |     4 |     7 |     6 |     5 |    14 ||    48
   Stab: Sleeping          |     6 |     9 |    16 |    30 |    90 |   140 |    65 |    32 |    29 ||   417
         Invisible         |     3 |     1 |       |       |       |    28 |    32 |    17 |     1 ||    82
         Confused          |       |     2 |     7 |    19 |    16 |    45 |    59 |   100 |    19 ||   267
         Paralysed         |       |       |       |     3 |       |       |       |     1 |       ||     4
         Distracted        |       |       |       |     3 |     2 |     3 |     5 |    11 |     7 ||    31
 Armour: Robe              |    33 |       |       |       |       |       |       |       |       ||    33
         Leather armour    |    28 |    44 |    94 |    67 |       |   282 |   954 |   615 |   418 ||  2502
         Troll leather arm |       |       |       |   141 |    38 |       |       |       |       ||   179
         Steam dragon scal |       |       |       |       |   315 |   341 |       |       |       ||   656
  Dodge: Dodged            |    54 |    39 |    62 |   151 |   186 |   255 |   424 |   309 |   272 ||  1752
  Block: Kite shield       |       |       |       |       |   176 |   457 |   778 |   683 |   562 ||  2656
Riposte: Rapier            |       |       |       |       |       |   105 |   321 |   269 |   222 ||   917
         Dagger            |       |       |       |       |       |     4 |       |       |       ||     4

Table legend: (Time is in decaauts)
 A = Elapsed time spent in this place.
 B = Non-inter-level travel time spent in this place.
 C = Inter-level travel time spent in this place.
 D = Time resting spent in this place.
 E = Time spent auto-exploring this place.
 F = Levels seen in this place.
 G = Mean time per level.
                   A        B        C        D        E       F      G
               +--------+--------+--------+--------+--------+-----+--------+
         Total |  87417 |  73277 |  14140 |  13639 |  26975 |  48 | 1821.2 |
       Dungeon |  26870 |  21176 |   5694 |   3192 |   7208 |  15 | 1791.3 |
          Lair |   9212 |   7544 |   1668 |    808 |   4346 |   5 | 1842.4 |
         Swamp |   4511 |   4073 |    438 |    841 |   1511 |   4 | 1127.8 |
   Spider Nest |   7014 |   6601 |    413 |   1160 |   2346 |   4 | 1753.5 |
  Orcish Mines |   3843 |   2120 |   1723 |    228 |   1152 |   2 | 1921.5 |
   Elven Halls |   8070 |   7066 |   1004 |   2378 |   1687 |   3 | 2690.0 |
        Vaults |  11724 |   9882 |   1842 |   2183 |   3100 |   5 | 2344.8 |
        Depths |   7323 |   6565 |    758 |   1505 |   2477 |   4 | 1830.8 |
           Zot |   8219 |   7622 |    597 |   1193 |   3057 |   5 | 1643.8 |
        Bailey |    626 |    626 |      0 |    148 |     86 |   1 |  626.0 |
               +--------+--------+--------+--------+--------+-----+--------+

Top non-repeatable levels by time:
Vaults:1: 3296 daAuts
     D:9: 3233 daAuts
   Elf:3: 2904 daAuts
     D:5: 2783 daAuts
   Elf:2: 2764 daAuts
   Zot:4: 2695 daAuts
   Orc:2: 2692 daAuts
Spider:1: 2626 daAuts
Vaults:5: 2497 daAuts
  Lair:5: 2430 daAuts
   Elf:1: 2402 daAuts
Depths:3: 2285 daAuts
    D:14: 2135 daAuts
Vaults:3: 2117 daAuts
    D:11: 1959 daAuts
